 Dungeon Crawl Stone Soup version 0.29-a0-338-g1ff7896281 (webtiles) character file.

Game seed: 2129338626441362129

946 Hubjo the Firebug (level 7, 0/41 HPs)
             Began as a Deep Elf Fire Elementalist on Apr 16, 2022.
             Was a Believer of Dithmenos.
             Killed from afar by an electric eel (9 damage)
             ... with a bolt of electricity
             ... on level 6 of the Dungeon on Apr 17, 2022.
             The game lasted 00:17:36 (7039 turns).

Hubjo the Firebug (Deep Elf Fire Elementalist)      Turns: 7039, Time: 00:17:36

Health: 0/41       AC:  3    Str:  5    XL:     7   Next: 89%
Magic:  14/17      EV: 13    Int: 20    God:    Dithmenos [**....]
Gold:   345        SH:  0    Dex: 17    Spells: 10/17 levels left

rFire   . . .      SeeInvis .   v - +1 short sword (speed)
rCold   . . .      Faith    .   (no shield)
rNeg    . . .      Spirit   .   a - +0 robe
rPois   +          Reflect  .   c - +1 hat
rElec   .          Harm     .   E - scarf {repulsion}
rCorr   .          Rampage  .   (no gloves)
Will    .....                   (no boots)
Stlth   ++++......              h - amulet of the acrobat
HPRegen 0.13/turn               t - ring of poison resistance
MPRegen 0.15/turn               (no ring)

@: wreathed by umbra, repel missiles
A: no striking features
a: Renounce Religion, Shadow Step


You were on level 6 of the Dungeon.
You worshipped Dithmenos.
Dithmenos was pleased with you.
You visited 2 branches of the dungeon, and saw 7 of its levels.

You collected 345 gold pieces.

Inventory:

Hand Weapons
 d - a +0 short sword
 e - a +0 short sword of flaming
 v - a +1 short sword of speed (weapon)
Armour
 a - a +0 robe (worn)
 c - a +1 hat (worn)
 g - a scarf of harm
 j - a +2 buckler
 E - a scarf of repulsion (worn)
Jewellery
 h - an amulet of the acrobat (around neck)
 t - a ring of poison resistance (left hand)
Wands
 w - a wand of charming (12)
 B - a wand of flame (16)
 C - a wand of mindburst (13)
Scrolls
 f - 3 scrolls of fear {unknown}
 k - 2 scrolls of blinking
 l - a scroll of enchant weapon {unknown}
 n - a scroll of teleportation {unknown}
 q - 2 scrolls of amnesia {unknown}
 s - a scroll of brand weapon {unknown}
 y - a scroll of vulnerability {unknown}
 z - a scroll of acquirement {unknown}
 D - a scroll of holy word {unknown}
 F - a scroll of identify
 G - a scroll of immolation {unknown}
Potions
 b - 3 potions of magic
 i - 2 potions of invisibility
 m - 2 potions of might
 o - 5 potions of flight
 p - 2 potions of brilliance {unknown}
 r - 3 potions of curing
 u - a potion of degeneration {unknown}
 x - a potion of attraction {unknown}
 A - a potion of heal wounds {unknown}


   Skills:
 + Level 3.0 Fighting
 - Level 2.4 Dodging
 + Level 6.0 Stealth
 + Level 5.5 Spellcasting
 + Level 3.9 Conjurations
 * Level 6.1 Fire Magic


You had 10 spell levels left.
You knew the following spells:

 Your Spells              Type           Power      Damage    Failure   Level
a - Foxfire               Conj/Fire      100%       2x1d9     1%          1
b - Blink                 Tloc           10%        N/A       17%         2
c - Flame Wave            Conj/Fire      25%        2d7       14%         4

Your spell library contained the following spells:

 Spells                   Type           Power      Damage    Failure   Level
 Scorch                   Fire           60%        2d8       1%          2
 Conjure Flame            Conj/Fire      25%        6-21      4%          3
 Inner Flame              Hex/Fire       17%        N/A       10%         3
 Gell's Gravitas          Tloc           5%         N/A       32%         3
 Lesser Beckoning         Tloc           5%         N/A       32%         3
 Portal Projectile        Hex/Tloc       10%        N/A       32%         3
 Teleport Other           Tloc           5%         N/A       32%         3
 Blade Hands              Tmut           2%         N/A       97%         5
 Excruciating Wounds      Necr           2%         N/A       97%         5
 Manifold Assault         Tloc           5%         N/A       97%         5
 Summon Cactus Giant      Summ           2%         N/A       100%        6


Dungeon Overview and Level Annotations

Branches:
Dungeon (6/15)             Temple (1/1) D:6

Altars:
Ashenzari
Cheibriados
Dithmenos
Hepliaklqana
Kikubaaqudgha
Nemelex Xobeh
Okawaru
Qazlal
Ru
Trog
Vehumet
Xom
Yredelemnul
Zin
The Shining One
Lugonu


Message History

The bolt of electricity hits you!
There are monsters nearby!
There are monsters nearby!
There are monsters nearby!
Unknown command.
Casting: Foxfire (safe; 1% risk of failure)
Confirm with . or Enter, or press ? or * to list all spells.
You conjure some foxfire!
A vampire mosquito comes into view.
The electric eel shoots out a bolt of lightning at you!
The bolt of electricity is repelled.
Casting: Foxfire (safe; 1% risk of failure)
Confirm with . or Enter, or press ? or * to list all spells.
You conjure some foxfire!
The foxfire hits the jelly.
The jelly is moderately wounded.
The foxfire hits the jelly.
The jelly is moderately wounded.
An electric eel comes into view.
The jelly is engulfed in a cloud of scalding steam.
You kill the jelly!
Dithmenos accepts your kill.
The electric eel shoots out a bolt of lightning at you!
The bolt of electricity is repelled.
The bolt of electricity hits you!
The bolt of electricity hits your foxfire!
Your Fighting skill increases to level 3!
Casting: Foxfire (safe; 1% risk of failure)
Confirm with . or Enter, or press ? or * to list all spells.
You conjure some foxfire!
The foxfire hits the electric eel.
The electric eel is moderately wounded.
The electric eel is engulfed in a cloud of scalding steam.
The electric eel shoots out a bolt of lightning at you!
The bolt of electricity hits your foxfire!
The bolt of electricity hits you. x2
* * * LOW HITPOINT WARNING * * *
The foxfire hits the vampire mosquito!
The vampire mosquito is moderately damaged.
The electric eel shoots out a bolt of lightning at you!
The bolt of electricity hits your foxfire!
The bolt of electricity hits you!
You die...

### #.#.>.#.###
######.#..)....#
#...##.##......# ≈
#.>.##........## S≈
#...######...## ≈≈≈
######'#######.(.# ≈≈≈≈
#...#...#...##...# ≈S≈≈≈
#.>.+...'.>.###v§#§≈≈≈≈≈
#...#...#...##.§@§.y....
######'#######.#§v......
...............#.#§≈≈≈≈≈
..8...⌠...8....#.#≈≈≈≈≈≈
...............### ≈≈≈S≈
######'######### ≈≈≈≈≈
#...#...#...# ≈≈≈≈
#.<.'...+.<.# #≈≈≈
#...#...#...#


You could see a vampire mosquito (ally target) and 3 electric eels.

Vanquished Creatures
  Menkaure (D:4)
  2 ogres (D:5)
  2 phantoms
  A necrophage (D:3)
  An orc priest (D:5)
  3 jellies
  Natasha (thrice) (D:3)
  2 iguanas (D:5)
  3 orc wizards
  4 adders (D:3)
  An ufetubus (D:5)
  A worm (D:2)
  A dart slug (D:1)
  6 orcs
  9 endoplasms
  5 giant cockroaches
  6 goblins
  7 hobgoblins
  4 jackals
  4 quokkas
  9 ball pythons
  5 bats
  3 frilled lizards
  11 kobolds
  5 rats
99 creatures vanquished.

Vanquished Creatures (others)
  231 foxfires
231 creatures vanquished.

Grand Total: 330 creatures vanquished

Notes
Turn   | Place    | Note
-------+----------+-------------------------------------------
     0 | D:1      | Hubjo the Deep Elf Fire Elementalist began the quest for
                  | the Orb.
     0 | D:1      | Reached XP level 1. HP: 10/10 MP: 6/6
   298 | D:1      | Reached XP level 2. HP: 16/16 MP: 5/8
   342 | D:1      | Noticed a shining eye
   350 | D:1      | Found a faded altar of an unknown god.
   352 | D:1      | Noticed a great orb of eyes
   352 | D:1      | Noticed a floating eye
   352 | D:1      | Noticed an eye of devastation
   362 | D:1      | Prayed at the altar of an unknown god.
   362 | D:1      | Became a worshipper of Dithmenos the Shadowed
   362 | D:1      | Reached * piety under Dithmenos
   625 | D:1      | Reached skill level 1 in Fighting
   671 | D:1      | Reached XP level 3. HP: 20/20 MP: 9/9
   893 | D:1      | You fall into a shaft and drop 1 floor!
  2593 | D:2      | Reached XP level 4. HP: 21/25 MP: 11/11
  2743 | D:3      | Noticed a necrophage
  3067 | D:2      | Upgraded the game from 0.29-a0-337-g68df138881 to
                  | 0.29-a0-338-g1ff7896281
  3149 | D:3      | Killed a necrophage
  3150 | D:3      | Reached XP level 5. HP: 25/30 MP: 4/12
  3656 | D:3      | Found a broken altar of Ashenzari.
  3947 | D:3      | Learned a level 2 spell: Blink
  3952 | D:3      | Learned a level 4 spell: Flame Wave
  3966 | D:3      | Found an iron altar of Okawaru.
  4154 | D:3      | Noticed Natasha
  4164 | D:3      | Killed Natasha
  4254 | D:3      | Reached ** piety under Dithmenos
  4307 | D:3      | Noticed Natasha
  4317 | D:3      | Killed Natasha
  4558 | D:3      | Noticed Natasha
  4563 | D:3      | Killed Natasha
  4564 | D:3      | Reached XP level 6. HP: 35/35 MP: 8/14
  4629 | D:4      | Reached skill level 5 in Stealth
  4698 | D:4      | Noticed Menkaure
  4706 | D:4      | Killed Menkaure
  5047 | D:4      | Found a sacrificial altar of Ru.
  5157 | D:4      | Reached skill level 5 in Fire Magic
  5292 | D:4      | Found a basalt altar of Yredelemnul.
  5737 | D:5      | Entered Level 5 of the Dungeon
  5793 | D:5      | Reached XP level 7. HP: 40/40 MP: 12/16
  5866 | D:5      | Reached skill level 5 in Spellcasting
  6306 | D:5      | Found an ancient bone altar of Kikubaaqudgha.
  6752 | D:6      | Found a staircase to the Ecumenical Temple.
  6769 | Temple   | Entered the Ecumenical Temple
  7037 | D:6      | Noticed a vampire mosquito
  7039 | D:6      | Killed from afar by an electric eel

Illustrated notes

Levels and vault maps discovered:
D:1:      grunt_arrival_crossed_arrows, layout_loops_cross,
          hellmonk_ecumenical_altar_watching_god,
          amcnicky_mini_rare_corridor_liquid
D:2:      layout_basic, kennysheep_small_spiral, serial_bayou_pond_b
D:3:      layout_rooms, mainiacjoe_overflow_concentric_impassable,
          marbit_many_paths, uniq_natasha
D:4:      layout_gridville, nicolae_ru_great_annihilating_truth,
          general_overflow_altar, uniq_menkaure
D:5:      nicolae_cairo_tiling_very_big, layout_cave_pools,
          mainiacjoe_overflow_small_starburst
D:6:      kennysheep_big_flooded_room, layout_loops_ring, old_standard_altar,
          chequers_temple_overflow_statue_of_worship, kennysheep_little_box,
          nicolae_uskayaw_en_pointe, minmay_temple_entry_offerings,
          nicolae_elevator_lobby_plus
Temple:   kb_corrupted_temple

Skill      XL: |  1  2  3  4  5  6  7 |
---------------+----------------------+-----
Stealth        | 3 4 5 6 |  6.0
Fighting       | 1 2 3 |  3.0
Conjurations   | 2 3 |  3.9
Spellcasting   | 4 5 |  5.5
Fire Magic     | 4 5 6 |  6.1
Dodging        | |  2.4

Action                   |  1- 3 |  4- 6 |  7- 9 || total
-------------------------+-------+-------+-------++-------
Melee: Short sword       |   121 |    37 |     2 ||   160
       Punch             |     2 |       |       ||     2
 Cast: Foxfire           |    12 |    74 |    59 ||   145
       Flame Wave        |       |     2 |     1 ||     3
  Use: Scroll            |     1 |     1 |     4 ||     6
 Stab: Sleeping          |    14 |     3 |     2 ||    19
Armor: Robe              |    30 |     6 |     1 ||    37
Dodge: Dodged            |   110 |    47 |     8 ||   165
       Repelled          |       |       |     2 ||     2

Table legend: (Time is in decaauts)
 A = Elapsed time spent in this place.
 B = Non-inter-level travel time spent in this place.
 C = Inter-level travel time spent in this place.
 D = Time resting spent in this place.
 E = Time spent auto-exploring this place.
 F = Levels seen in this place.
 G = Mean time per level.
                   A        B        C        D        E       F      G
               +--------+--------+--------+--------+--------+-----+--------+
         Total |   7063 |   6836 |    227 |   1400 |   4388 |   7 | 1009.0 |
       Dungeon |   6950 |   6742 |    208 |   1400 |   4309 |   6 | 1158.3 |
        Temple |    112 |     93 |     19 |      0 |     79 |   1 |  112.0 |
               +--------+--------+--------+--------+--------+-----+--------+

Top non-repeatable levels by time:
     D:2: 2105 daAuts
     D:3: 1645 daAuts
     D:4: 1116 daAuts
     D:5: 923 daAuts
     D:1: 895 daAuts
     D:6: 263 daAuts
  Temple: 112 daAuts
